 Dungeon Crawl Stone Soup version 0.27.1-1-g398f81649c (webtiles) character file.

Game seed: 4702946476392942012

1239 ZARRMARR the Digger (level 8, -2/47 HPs)
             Began as an Octopode Earth Elementalist on Sept 6, 2021.
             Was an Initiate of Ashenzari.
             Killed from afar by a steam dragon (18 damage)
             ... with a ball of steam
             ... on level 7 of the Dungeon.
             The game lasted 00:30:13 (6703 turns).

ZARRMARR the Digger (Octopode Earth Elementalist)   Turns: 6703, Time: 00:30:14

Health: -2/47      AC:  1    Str:  7    XL:     8   Next: 49%
Magic:  13/16      EV: 13    Int: 19    God:    Ashenzari [......]
Gold:   265        SH:  0    Dex: 13    Spells: 11/17 levels left

rFire    . . .     SeeInvis .   h - +4 halberd
rCold    . . .     Faith    .   (shield currently unavailable)
rNeg     . . .     Spirit   .   (helmet restricted)
rPois    .         Reflect  .   (no amulet)
rElec    .         Harm     .   r - ring of willpower
rCorr    .         Rampage  .   (no ring)
Will     +....                  (no ring)
Stlth    +++.......             (no ring)
HPRegen  0.15/turn              (no ring)
MPRegen  0.15/turn              (no ring)
                                (no ring)
                                (no ring)

@: no status effects
A: almost no armour, amphibious, 8 rings, camouflage 1, gelatinous body 1,
(nimble swimmer 1), tentacles
a: Renounce Religion


You were on level 7 of the Dungeon.
You worshipped Ashenzari.
Ashenzari was noncommittal.
You visited 2 branches of the dungeon, and saw 8 of its levels.
You also visited: Sewer.

You collected 265 gold pieces.

Inventory:

Hand Weapons
 h - a +4 halberd (weapon)
Missiles
 b - 101 stones
Jewellery
 r - a ring of willpower (left tentacle)
Scrolls
 a - a scroll of torment
 c - a scroll of fog
 e - 2 scrolls of immolation
 f - 2 scrolls of vulnerability
 g - 2 scrolls of blinking
 i - a scroll of amnesia
 j - 2 scrolls of fear
 k - 3 scrolls of teleportation
 p - 3 scrolls of enchant armour
 q - 2 scrolls of magic mapping
Potions
 d - 5 potions of curing
 l - 2 potions of brilliance
 m - 2 potions of ambrosia
 n - 2 potions of flight
 o - 2 potions of heal wounds
 s - a potion of might


   Skills:
 + Level 0.8 Fighting
 + Level 2.3 Dodging
 + Level 3.1 Stealth
 * Level 5.4 Spellcasting
 * Level 5.3 Conjurations
 - Level 1.0 Transmutations
 * Level 6.3 Earth Magic


You had 11 spell levels left.
You knew the following spells:

 Your Spells              Type           Power      Damage    Failure   Level
a - Stone Arrow           Conj/Erth      54%        3d10      3%          3
b - Sandblast             Erth           58%        2d13      1%          1
c - Passwall              Tmut/Erth      15%        N/A       4%          2

Your spell library contained the following spells:

 Spells                   Type           Power      Damage    Failure   Level
 Sting                    Tmut/Pois      28%        1d4       10%         1
 Poisonous Vapours        Pois/Air       10%        N/A       19%         2
 Petrify                  Tmut/Erth      19%        N/A       26%         4
 Olgreb's Toxic Radiance  Pois           5%         N/A       75%         4
 Lehudib's Crystal Spear  Conj/Erth      13%        10d5      100%        8
 Animate Armour           Summ/Erth      Unusable   N/A       N/A         4

Dungeon Overview and Level Annotations

Branches:
Dungeon (7/15)             Temple (1/1) D:7           Sewer (visited)

Altars:
Ashenzari
Cheibriados
Dithmenos
Elyvilon
Fedhas
Hepliaklqana
Kikubaaqudgha
Makhleb
Nemelex Xobeh
Okawaru
Qazlal
Ru
Sif Muna
Trog
Vehumet
Xom
Yredelemnul
Zin
The Shining One

Annotations:
D:3 1 runed translucent door, Jozx's ghost, amateur OgIE
D:4 exclusion: necrophage
D:5 exclusions: black bear, orc and orc wizard, Edmund
D:6 2 runed translucent doors, tylerjbraun's ghost, novice GrGl


Innate Abilities, Weirdness & Mutations

You cannot wear most types of armour.
You are amphibious.
You can wear up to eight rings at the same time.
Your skin changes colour to match your surroundings (Stealth+).
Your rubbery body absorbs attacks. (AC +1, EV +1)
((You are camouflaged near water. (Stealth+)))
You have tentacles for arms and can constrict up to eight enemies at once.


Message History

Aim: a bullfrog skeleton (almost destroyed, 93% to hit)
The blast of sand hits the bullfrog skeleton!
You destroy the bullfrog skeleton!
Unknown command.
o - 2 potions of heal wounds (gained 1)
You now have 265 gold pieces (gained 13).
Found a stone staircase leading down.
You hear a distant slurping noise.
Found a lajatang.
You open the door.
A howler monkey zombie comes into view.
There is an open door here.
Casting: Sandblast (safe; 1% risk of failure)
Confirm with . or Enter, or press ? or * to list all spells.
Aiming: Stone Arrow (dangerous; 3% risk of failure)
Press: ? - help, Shift-Dir - straight line, f - howler monkey zombie
Aim: a howler monkey zombie (wandering, hasn't noticed you, 86% to hit)
The stone arrow hits the howler monkey zombie!!
You destroy the howler monkey zombie!
You hear a distant slurping noise.
You hear a squelching noise.
You hear a distant slurping noise.
A steam dragon comes into view.
Found 17 gold pieces.
The steam dragon hisses angrily.
The steam dragon breathes steam at you. The ball of steam hits you!
The steam dragon moves out of view.
You hear a distant slurping noise.
Casting: Stone Arrow (dangerous; 3% risk of failure)
Confirm with . or Enter, or press ? or * to list all spells.
Aiming: Stone Arrow (dangerous; 3% risk of failure)
Press: ? - help, Shift-Dir - straight line, f - steam dragon
Aim: a steam dragon (71% to hit)
The stone arrow misses the steam dragon.
The steam dragon breathes steam at you. The ball of steam hits you!
Unknown command.
You are engulfed in a cloud of scalding steam.
The steam dragon breathes steam at you. The ball of steam hits you!!
You die...

......#.....##...###....≈≈≈≈≈≈≈≈≈
......#.....##...##...≈≈≈≈≈≈≈≈≈)≈
......#.....##...##..≈≈≈≈≈≈≈≈≈≈≈≈
#..)..#..........###.≈≈≈≈≈≈...≈≈≈
#.....+..........#...≈≈≈≈≈≈.>.≈≈≈
#.....#.....##...#...≈≈≈≈≈≈...≈≈≈
...#####.##...#D...≈≈≈≈≈≈≈≈≈≈≈
..........#§..#......≈≈≈≈≈≈≈≈≈
..........#.§@#§.......≈≈≈≈≈..
.##.......###§#§..............
#.........§§D........[.#.#..
#.........###....#######....
####+###..# $...# ###.. #..#
....# #.. #### ....# ##. ....#
##. ....# #..


You could see a steam dragon (catching breath).

Vanquished Creatures
  An acid dragon (D:7)
  A water moccasin (D:6)
  An ice beast (D:6)
  A sky beast (D:6)
  A kobold brigand (Sewer)
  A scorpion (D:6)
  A centaur zombie (D:6)
  2 jellies (D:6)
  3 orc priests
  4 centaur skeletons
  A bullfrog skeleton (D:7)
  2 iguanas
  2 orc wizards
  A howler monkey zombie (D:7)
  A mummy (D:4)
  4 gnolls (D:2)
  8 adders
  4 river rats
  An ufetubus (D:6)
  5 worms
  A dart slug (D:3)
  14 orcs
  6 endoplasms
  3 giant cockroaches
  7 hobgoblins
  2 jackals (Sewer)
  2 quokkas
  6 ball pythons
  2 frilled lizards (D:2)
  6 goblins
  8 kobolds
  11 rats
113 creatures vanquished.

Notes
Turn   | Place    | Note
-------+----------+-------------------------------------------
     0 | D:1      | ZARRMARR the Octopode Earth Elementalist began the quest
                  | for the Orb.
     0 | D:1      | Reached XP level 1. HP: 11/11 MP: 3/3
   225 | D:1      | Reached XP level 2. HP: 17/17 MP: 3/5
   400 | D:1      | Reached skill level 1 in Conjurations
   809 | D:2      | Reached XP level 3. HP: 21/21 MP: 2/6
   815 | D:2      | Learned a level 3 spell: Stone Arrow
   889 | D:2      | Reached XP level 4. HP: 25/27 MP: 0/8
  1738 | D:2      | Learned a level 2 spell: Passwall
  1949 | D:3      | Found a faded altar of an unknown god.
  2240 | D:3      | Reached skill level 4 in Earth Magic
  2240 | D:3      | Reached XP level 5. HP: 18/31 MP: 5/9
  2501 | D:3      | Found a burning altar of Makhleb.
  2552 | D:3      | Noticed Jozx's ghost (amateur OgIE)
  2559 | D:3      | Found a runed translucent door.
  2858 | D:4      | Found a snail-covered altar of Cheibriados.
  3346 | D:4      | Noticed a necrophage
  3801 | D:5      | Entered Level 5 of the Dungeon
  3801 | D:5      | Noticed a black bear
  3884 | D:5      | Reached XP level 6. HP: 36/36 MP: 5/11
  3916 | D:5      | Found a glowing drain.
  3998 | Sewer    | Entered a sewer
  4440 | Sewer    | Found a glowing silver altar of Zin.
  4782 | D:5      | Noticed Edmund
  4917 | D:6      | Reached skill level 5 in Earth Magic
  4917 | D:6      | Reached XP level 7. HP: 41/41 MP: 8/13
  5019 | D:6      | Found a large runed translucent door.
  5019 | D:6      | Found a large runed translucent door.
  5021 | D:6      | Noticed tylerjbraun's ghost (novice GrGl)
  5703 | D:6      | Reached skill level 5 in Spellcasting
  5703 | D:6      | Reached XP level 8. HP: 46/46 MP: 11/15
  5738 | D:6      | Reached skill level 6 in Earth Magic
  5910 | D:6      | Reached skill level 5 in Conjurations
  6047 | D:7      | Found a staircase to the Ecumenical Temple.
  6057 | Temple   | Entered the Ecumenical Temple
  6203 | Temple   | Became a worshipper of Ashenzari the Shackled
  6703 | D:7      | Killed from afar by a steam dragon

Illustrated notes

Levels and vault maps discovered:
D:1:      minmay_arrival_doors, layout_basic
D:2:      layout_rooms, corexii_shack
D:3:      layout_rooms, mainiacjoe_overflow_paths, serial_co_window_serial,
          co_window_corner_a, co_window_paths_a, co_window_of_opportunity_a,
          co_window_paths_a, co_window_paths_b, co_window_2corner,
          co_window_corner_cb, co_window_unsneaky_path_a, co_window_paths_d,
          hellmonk_ghost_happy_afterlife, hellmonk_ecumenical_altar_crossroads
D:4:      layout_loops_cross, nicolae_overflow_hidden_temple, slow_altar_1
D:5:      minmay_chambers_of_fours, layout_basic, lightli_sewer_entry_pipes,
          uniq_edmund
D:6:      layout_basic, ebering_ghost_disaster_area
D:7:      layout_gridville, temple_pool_b, serial_rivers,
          chequers_serial_rivers_small_b, chequers_serial_rivers_micro_a,
          chequers_serial_rivers_marsh, chequers_serial_rivers_large_b,
          chequers_serial_rivers_marsh
Temple:   minmay_crystal_spiral_temple

Skill      XL: |  1  2  3  4  5  6  7  8 |
---------------+-------------------------+-----
Conjurations   | 1 2 3 4 5 |  5.3
Spellcasting   | 3 4 5 |  5.4
Earth Magic    | 4 5 6 |  6.3
Stealth        | 3 |  3.1
Fighting       | |  0.8
Dodging        | |  2.3
Transmutations | |  1.0

Action                   |  1- 3 |  4- 6 |  7- 9 || total
-------------------------+-------+-------+-------++-------
Melee: Halberd           |       |    33 |     6 ||    39
       Constrict         |       |     7 |       ||     7
       Tentacles         |       |     4 |       ||     4
 Cast: Sandblast         |    28 |    45 |    19 ||    92
       Stone Arrow       |     1 |    33 |    31 ||    65
  Use: Scroll            |     3 |     7 |     2 ||    12
       Potion            |       |       |     1 ||     1
 Stab: Sleeping          |       |     2 |     1 ||     3
Armor: Skin              |     1 |     1 |     1 ||     3
Dodge: Dodged            |       |    24 |    11 ||    35
